 Dungeon Crawl Stone Soup version 0.31.0-10-gcf4a605ca0 (webtiles) character file.

Game seed: 14317448024418871222

228 Amaterasu the Ruffian (level 6, -1/52 HPs)
             Began as a Naga Shapeshifter on Jan 25, 2024.
             Was an Initiate of Cheibriados.
             Slain by a wyvern (6 damage)
             ... on level 5 of the Dungeon.
             The game lasted 00:06:10 (3460 turns).

Amaterasu the Ruffian (Naga Shapeshifter)           Turns: 3460, Time: 00:06:10

Health: -1/52      AC:  8    Str: 19    XL:     6   Next: 2%
Magic:  6/6        EV: 10    Int: 12    God:    Cheibriados [......]
Gold:   47         SH:  0    Dex: 11    Spells: 5/5 levels left

rFire   . .          .
                       - Unarmed
rCold   . . .        (no shield)
rNeg    . . .        a - +1 animal skin
rPois   +            (helmet currently unavailable)
rElec   .            (cloak currently unavailable)
rCorr   .            (gloves currently unavailable)
SInv    +            (no barding)
Will    .....        (no amulet)
Stlth   +            o - +4 ring of protection
HPRegen 0.28/turn    (no ring)
MPRegen 0.10/turn

%: no passive effects
@: beast-form, very slow
A: beast (slay +2), AC +2, large, see invisible, deformed body, poison
resistance, slowness 2, spit poison 1, naga tail 1
a: Spit Poison, Begin Untransformation, Renounce Religion


You were on level 5 of the Dungeon.
You worshipped Cheibriados.
Cheibriados was noncommittal.
You were a hulking beast.
You visited 1 branch of the dungeon, and saw 5 of its levels.

You collected 299 gold pieces.
You spent 252 gold pieces at shops.

Inventory:

Missiles
 p - 4 silver javelins
Armour
 a - a +1 animal skin (worn)
 h - a +0 cloak
 m - a +1 helmet
Jewellery
 o - a +4 ring of protection (left hand)
Talismans
 c - a beast talisman
 d - a flux talisman
Scrolls
 g - a scroll of identify
 j - a scroll of brand weapon
 k - a scroll of enchant armour
 l - a scroll of teleportation
 n - a scroll of blinking {unknown}
Potions
 b - a potion of lignification
 e - a potion of heal wounds
 f - a potion of curing
 i - 2 potions of enlightenment {unknown}


   Skills:
 * Level 2.0 Fighting
 * Level 2.5 Dodging
 * Level 5.1 Unarmed Combat
 * Level 3.7 Shapeshifting


You had 5 spell levels left.
You didn't know any spells.
Your spell library contained the following spells:

 Spells                   Type           Power      Damage    Failure   Level
 Scorch                   Fire           0%         2d5       45%         2
 Frozen Ramparts          Ice            0%         1d1       69%         3
 Flame Wave               Conj/Fire      0%         2d4       97%         4
 Leda's Liquefaction      Alch/Erth      0%         N/A       97%         4
 Petrify                  Alch/Erth      0%         N/A       97%         4
 Metabolic Englaciation   Hex/Ice        0%         N/A       100%        5
 Summon Cactus Giant      Summ           0%         N/A       100%        6


Dungeon Overview and Level Annotations

Branches:
Dungeon (5/15)
 Temple: D:4-7

Altars:
Ashenzari
Cheibriados
Dithmenos
Gozag
The Shining One

Shops:
D:4 *


Innate Abilities, Weirdness & Mutations

You are a hulking beast.
Your limbs bulge with bestial killing power. (Slay +2)
Your serpentine skin is tough. (AC +2)
You have supernaturally acute eyesight. (SInv)
Armour fits poorly on your strangely shaped body.
Your system is resistant to poisons. (rPois)
You cover ground very slowly.
You can spit poison.
You have a snake-like lower body.


Message History

The wyvern closely misses you.
You closely miss the wyvern.
The wyvern is lightly wounded.
You have got your breath back.
The wyvern barely misses you.
You hit the wyvern.
The wyvern is moderately wounded.
The wyvern bites you!
You hit the wyvern.
The wyvern is moderately wounded.
The wyvern barely misses you. The wyvern bites you!
You hit the wyvern.
The wyvern is heavily wounded.
The wyvern bites you but does no damage.
You hit the wyvern.
The wyvern is severely wounded.
The wyvern completely misses you.
Aiming: Spit Poison (1% risk of failure)
Press: ? - help, Shift-Dir - straight line, f/p - wyvern
Aim: a wyvern (severely wounded, 59% to hit)
The splash of poison hits the wyvern but does no damage.
The wyvern is poisoned.
The wyvern is severely wounded.
The wyvern bites you. The wyvern bites you!
* * * LOW HITPOINT WARNING * * *
You completely miss the wyvern.
The wyvern is severely wounded.
The wyvern bites you.
* * * LOW HITPOINT WARNING * * *
You barely miss the wyvern.
The wyvern is severely wounded.
The wyvern barely misses you. The wyvern closely misses you.
You closely miss the wyvern.
The wyvern is severely wounded.
The wyvern barely misses you.
You hit the wyvern but do no damage.
The wyvern is severely wounded.
You have got your breath back.
The wyvern bites you.
You die...

# ##..## ## #...## .###
##...## #..## #....#
##..### ##...## ##...##
#....## ##...# ##....#
##..## #....## #...#
##....h## #...###......k#
##...##.........#
##................#
##................... ...
##....#......###.........#
...##.......## ####......#
#####......## #.....#
#.......# ##....#


You could see a wyvern (poisoned).

Vanquished Creatures
  A scorpion (D:4)
  2 iguanas (D:4)
  3 adders
  9 dart slugs
  2 orcs (D:4)
  10 ball pythons
  5 endoplasms
  3 giant cockroaches
  5 goblins
  9 hobgoblins
  6 kobolds
  2 quokkas
  6 bats
  3 frilled lizards
  3 rats
69 creatures vanquished.

Notes
Turn   | Place    | Note
-------+----------+-------------------------------------------
     0 | D:1      | Amaterasu the Naga Shapeshifter began the quest for the
                  | Orb.
     0 | D:1      | Reached XP level 1. HP: 18/18 MP: 1/1
   133 | D:1      | Reached XP level 2. HP: 25/25 MP: 2/2
   604 | D:1      | Reached XP level 3. HP: 26/31 MP: 3/3
  2053 | D:3      | Reached XP level 4. HP: 33/38 MP: 4/4
  2104 | D:3      | Reached skill level 4 in Unarmed Combat
  2641 | D:4      | Noticed a scorpion
  2651 | D:4      | Killed a scorpion
  2652 | D:4      | Reached XP level 5. HP: 42/45 MP: 5/5
  2854 | D:4      | Found a shadowy altar of Dithmenos.
  2854 | D:4      | Found an opulent altar of Gozag.
  2856 | D:4      | Found a glowing golden altar of the Shining One.
  2858 | D:4      | Found a broken altar of Ashenzari.
  2859 | D:4      | Found a snail-covered altar of Cheibriados.
  2867 | D:4      | Became a worshipper of Cheibriados the Contemplative
  3014 | D:4      | Found Onkira Secw's CLEARANCE SALE!.
  3166 | D:4      | Reached skill level 5 in Unarmed Combat
  3166 | D:4      | Reached XP level 6. HP: 23/52 MP: 6/6
  3314 | D:4      | Bought a +4 ring of protection for 252 gold pieces
  3355 | D:5      | Entered Level 5 of the Dungeon
  3356 | D:5      | Noticed a wyvern
  3460 | D:5      | Slain by a wyvern

Illustrated notes

Levels and vault maps discovered:
D:1:      minmay_arrival_cross, layout_basic
D:2:      layout_basic, serial_aquarium, aquarium_bridge_straight
          [aquarium_subvault_bridge, aquarium_subvault_window,
          aquarium_subvault_bridge, aquarium_subvault_window],
          aquarium_bridge_square [aquarium_subvault_bridge,
          aquarium_subvault_bridge, aquarium_subvault_wall,
          aquarium_subvault_window], aquarium_window_fake, aquarium_window_fake,
          aquarium_view_2c, aquarium_view_2f, aquarium_balcony_3b,
          aquarium_pool_five
D:3:      kennysheep_slugbush, layout_basic
D:4:      layout_rooms, grunt_temple_overflow_open, nicolae_shop_clearance
D:5:      layout_layer_cave, general_overflow_altar, serial_shops,
          nicolae_shop_bloodbath_and_beyond, nicolae_shop_tiny_statue_garden,
          shop

Skill      XL: |  1  2  3  4  5 |
---------------+----------------+-----
Unarmed Combat | 4 5 |  5.1
Dodging        | 2 |  2.5
Fighting       | 2 |  2.0
Shapeshifting  | |  3.7

Action                     |  1- 3 |  4- 6 || total
---------------------------+-------+-------++-------
  Melee: Unarmed           |   113 |   102 ||   215
         Punch             |     3 |     1 ||     4
Ability: Spit Poison       |       |     5 ||     5
    Use: Scroll            |     6 |     3 ||     9
   Stab: Sleeping          |       |     1 ||     1
 Armour: Animal skin       |    92 |    63 ||   155
  Dodge: Dodged            |    61 |    54 ||   115
